 Dungeon Crawl Stone Soup version 0.27.1-34-g3ba077fa99 (webtiles) character file.

Game seed: 14984294548437875515

399 Descartes the Grasshopper (level 7, -5/50 HPs)
             Began as a Formicid Warper on Jan 22, 2022.
             Was an Initiate of Gozag.
             Slain by an ogre (21 damage)
             ... on level 5 of the Dungeon.
             The game lasted 00:07:29 (4584 turns).

Descartes the Grasshopper (Formicid Warper)         Turns: 4584, Time: 00:07:30

Health: -5/50      AC: 11    Str: 24    XL:     7   Next: 10%
Magic:  10/10      EV:  8    Int: 12    God:    Gozag
Gold:   147        SH:  5    Dex: 10    Spells: 10/10 levels left

rFire    . . .     SeeInvis +   l - +2 hand axe (elec)
rCold    . . .     Faith    .   (no shield)
rNeg     . . .     Spirit   .   h - +0 chain mail
rPois    .         Reflect  +   (helmet unavailable)
rElec    .         Harm     .   f - +0 cloak
rCorr    .         Rampage  .   (no gloves)
Will     .....                  E - +0 pair of boots
Stlth    ..........             s - amulet of reflection
HPRegen  0.16/turn              b - +6 ring of strength
MPRegen  0.12/turn              (no ring)

@: gold aura
A: permanent stasis, dig shafts and tunnels, antennae 3, four strong arms
a: Dig, Shaft Self, Renounce Religion, Potion Petition, Call Merchant, Bribe
Branch


You were on level 5 of the Dungeon.
You worshipped Gozag.
Gozag was aware of your devotion.
You visited 2 branches of the dungeon, and saw 6 of its levels.

You collected 198 gold pieces.
You paid 51 gold pieces to Gozag.

Inventory:

Hand Weapons
 l - a +2 hand axe of electrocution (weapon)
 p - a +4 spectral club
 v - a +1 flail of protection
 D - a +2 mace of draining
Missiles
 a - 2 curare-tipped darts
 c - 5 boomerangs of dispersal (quivered)
 e - 151 stones
 x - 7 boomerangs
 y - 17 poisoned darts
Armour
 f - a +0 cloak (worn)
 h - a +0 chain mail (worn)
 E - a +0 pair of boots (worn)
Jewellery
 b - a +6 ring of strength (left hand)
 o - a ring of fire
 s - an amulet of reflection (around neck)
 C - an amulet of the acrobat
Wands
 w - a wand of digging (6)
 B - a wand of paralysis (6)
Scrolls
 d - 2 scrolls of teleportation {unknown}
 k - a scroll of amnesia {unknown}
 m - 3 scrolls of magic mapping {unknown}
 n - a scroll of fog {unknown}
 q - a scroll of identify {unknown}
 r - a scroll of noise {unknown}
 u - 2 scrolls of blinking {unknown}
Potions
 g - a potion of curing {unknown}
 i - a potion of mutation {unknown}
 j - a potion of might {unknown}
 t - a potion of flight {unknown}
 z - 2 potions of lignification {unknown}
 A - a potion of resistance {unknown}


   Skills:
 - Level 2.1 Fighting
 + Level 2.8(3.5) Axes
 + Level 3.3(3.8) Maces & Flails
 - Level 1.0 Throwing
 + Level 4.0 Armour
 - Level 1.7 Dodging
 - Level 2.1 Spellcasting
 + Level 4.2 Translocations
 + Level 1.4 Evocations


You had 10 spell levels left.
You didn't know any spells.
Your spell library contained the following spells:

 Spells                   Type           Power      Damage    Failure   Level
 Gell's Gravitas          Tloc           5%         N/A       69%         3
 Lesser Beckoning         Tloc           5%         N/A       69%         3
 Teleport Other           Tloc           11%        N/A       69%         3
 Passwall                 Tmut/Erth      0%         N/A       96%         2
 Ozocubu's Armour         Ice            1%         N/A       99%         3
 Manifold Assault         Tloc           11%        N/A       100%        5
 Invisibility             Hex            0%         N/A       100%        6
 Ozocubu's Refrigeration  Ice            0%         4d5       100%        7
 Blink                    Tloc           Unusable   N/A       N/A         2
 Swiftness                Air            Unusable   N/A       N/A         3

Dungeon Overview and Level Annotations

Branches:
Dungeon (5/15)             Temple (1/1) D:5

Altars:
Fedhas
Gozag
Kikubaaqudgha
Makhleb
Okawaru
Ru
Trog
Uskayaw
Yredelemnul
Zin

Shops:
D:4 *


Innate Abilities, Weirdness & Mutations

You cannot be hasted, slowed, berserked, paralysed or teleported.
You can dig through walls and to a lower floor.
You have a pair of large antennae on your head. (SInv)
Your four strong arms can wield two-handed weapons with a shield.


Message History

You now have 142 gold pieces (gained 11).
Found a pair of boots.
You now have 147 gold pieces (gained 5).
There is a stone staircase leading up here.
Found a stone staircase leading down.
No target in view!
There is a stone staircase leading down here.
You see here a +0 pair of boots.
E - a +0 pair of boots You start putting on your armour.
You continue putting on your +0 pair of boots. x4
You finish putting on your +0 pair of boots.
There is a stone staircase leading down here.
There is a stone staircase leading down here.
You sense a monster nearby.
Search for what [Enter for "..", or ? for help]? armor You sense a monster nearby.
You open the door.
An iguana and an ogre come into view.
The iguana hisses angrily.
The ogre shouts!
A centaur skeleton comes into view.
The ogre moves out of view.
Found a stone staircase leading up.
The ogre hits you with a +0 giant club!!
There is an open door, spattered with blood here.
You hit the ogre.
The ogre is lightly wounded.
You hit the centaur skeleton.
Lightning courses through the centaur skeleton!!
The centaur skeleton hits you but does no damage.
The centaur skeleton kicks you but does no damage.
The ogre hits you with a +0 giant club! The iguana bites you.
* * * LOW HITPOINT WARNING * * *
You hit the iguana but do no damage. Lightning courses through the iguana!
You kill the iguana!
Your Armour skill increases to level 4!
The ogre hits you with a +0 giant club!!
You die...
Your body crumbles into a pile of gold.

####### .......
.≈...≈.
.......###
...<...O.#
......{#@#
.≈...≈.#.#
.......#.#####≈≈
########.......≈
##.......######P≈
#.........#
#.........#
#.........## {
#..........## $


You could see an ogre.

Vanquished Creatures
  3 bullfrog zombies (D:5)
  2 hounds (D:4)
  A centaur skeleton (D:5)
  Jessica (D:2)
  An iguana (D:5)
  A killer bee zombie (D:5)
  4 gnolls (D:3)
  3 adders
  A white imp (D:5)
  2 adder skeletons
  2 dart slugs (D:1)
  3 orcs
  3 ball pythons
  6 endoplasms
  A giant cockroach (D:2)
  5 goblins
  7 hobgoblins
  3 jackals (D:1)
  2 quokkas
  8 bats
  A frilled lizard (D:1)
  3 kobolds
  8 rats
71 creatures vanquished.

Notes
Turn   | Place    | Note
-------+----------+-------------------------------------------
     0 | D:1      | Descartes the Formicid Warper began the quest for the Orb.
     0 | D:1      | Reached XP level 1. HP: 16/16 MP: 3/3
   273 | D:1      | Reached XP level 2. HP: 22/22 MP: 5/5
   595 | D:1      | Reached XP level 3. HP: 27/27 MP: 6/6
  1534 | D:2      | Noticed Jessica
  1537 | D:2      | Killed Jessica
  1538 | D:2      | Reached XP level 4. HP: 33/33 MP: 7/7
  1646 | D:2      | Reached skill level 1 in Axes
  2771 | D:3      | Reached XP level 5. HP: 26/38 MP: 8/8
  3350 | D:4      | Reached XP level 6. HP: 44/44 MP: 9/9
  3734 | D:4      | Found Ruelopt's Assorted Antiques.
  4061 | D:5      | Entered Level 5 of the Dungeon
  4073 | D:5      | Found a staircase to the Ecumenical Temple.
  4085 | Temple   | Entered the Ecumenical Temple
  4178 | Temple   | Became a worshipper of Gozag Ym Sagoz the Greedy
  4274 | D:5      | Reached skill level 1 in Evocations
  4279 | D:5      | Reached XP level 7. HP: 30/50 MP: 10/10
  4584 | D:5      | Slain by an ogre

Illustrated notes

Levels and vault maps discovered:
D:1:      dpeg_arrival_pond, layout_loops_corners, minivault_5,
          minmay_hexomino_p4
D:2:      layout_basic, roderic_roman_lattice, uniq_jessica
D:3:      layout_basic
D:4:      layout_basic, serial_shops, nicolae_shop_overgrown_old_shop,
          serial_curves, eino_curves_02, eino_curves_04, nrook_uturn
D:5:      layout_rooms, minmay_temple_entry_glass, serial_undead,
          serial_undead_f, serial_undead_a, serial_undead_c, serial_undead_d,
          kennysheep_small_square
Temple:   compressed_dpeg_circular_temple

Skill      XL: |  1  2  3  4  5  6  7 |
---------------+----------------------+-----
Translocations | 3 4 |  4.2
Armour         | 2 3 4 |  4.0
Axes           | 1 2 |  2.8
Maces & Flails | 3 |  3.3
Evocations     | 1 |  1.4
Fighting       | |  2.1
Throwing       | |  1.0
Dodging        | |  1.7
Spellcasting   | |  2.1

Action                   |  1- 3 |  4- 6 |  7- 9 || total
-------------------------+-------+-------+-------++-------
Melee: Mace              |    77 |       |       ||    77
       Hand axe          |     7 |    52 |     2 ||    61
       Club              |       |    32 |       ||    32
 Abil: Dig               |       |     6 |       ||     6
Armor: Leather armour    |    18 |       |       ||    18
       Chain mail        |    32 |    40 |     2 ||    74
Dodge: Dodged            |    52 |    30 |       ||    82
Block: Other             |       |     8 |       ||     8
